 Dungeon Crawl Stone Soup version 0.29-a0-397-g846e4a0bbc (webtiles) character file.

Game seed: 452574343086285011

129 thiscave3701365 the Sneak (level 5, 0/45 HPs)
             Began as a Ghoul Brigand on May 11, 2022.
             Slain by an orc
             ... wielding a +0 dagger
              (4 damage)
             ... on level 3 of the Dungeon.
             The game lasted 00:02:12 (3936 turns).

thiscave3701365 the Sneak (Ghoul Brigand)           Turns: 3936, Time: 00:02:12

Health: 0/45       AC:  3    Str: 17    XL:     5   Next: 12%
Magic:  4/4        EV: 12    Int:  6    God:
Gold:   98         SH:  0    Dex: 10    Spells: 4/4 levels left

rFire   . . .      SeeInvis .   a - +2 dagger
rCold   + . .      Faith    .   (no shield)
rNeg    + + +      Spirit   .   b - +0 robe
rPois   ∞          Reflect  .   (no helmet)
rElec   .          Harm     .   c - +0 cloak
rCorr   .          Rampage  .   (no gloves)
Will    .....                   (no boots)
Stlth   +++.......              (no amulet)
HPRegen 0.00/turn               (no ring)
MPRegen 0.09/turn               (no ring)

@: inhibited regen
A: claws 1, cold resistance 1, negative energy resistance 3, inhibited
regeneration, torment resistance 2, devour on kill
a: no special abilities


You were on level 3 of the Dungeon.
You visited 1 branch of the dungeon, and saw 3 of its levels.

You collected 98 gold pieces.

Inventory:

Hand Weapons
 a - a +2 dagger (weapon)
Missiles
 d - 9 poisoned darts (quivered)
 e - 3 curare-tipped darts
Armour
 b - a +0 robe (worn)
 c - a +0 cloak (worn)
Jewellery
 j - a ring of wizardry
 k - a ring of fire
Wands
 r - a wand of charming (12)
Scrolls
 f - 2 scrolls of teleportation {unknown}
 h - a scroll of fear {unknown}
 i - a scroll of enchant weapon {unknown}
 l - 2 scrolls of enchant armour {unknown}
 m - a scroll of vulnerability {unknown}
 o - a scroll of magic mapping {unknown}
 q - a scroll of identify {unknown}
Potions
 g - 3 potions of lignification {unknown}
 n - a potion of invisibility {unknown}
 p - a potion of mutation {unknown}


   Skills:
 + Level 3.2 Fighting
 + Level 2.5 Short Blades
 + Level 2.5 Throwing
 + Level 2.0 Dodging
 + Level 5.0 Stealth


You had 4 spell levels left.
You didn't know any spells.
Your spell library was empty.

Dungeon Overview and Level Annotations

Branches:
Dungeon (3/15)

Altars:


Innate Abilities, Weirdness & Mutations

You are immune to poison.
You have sharp fingernails.
Your flesh is cold resistant. (rC+)
You are immune to negative energy. (rN+++)
You do not regenerate when monsters are visible.
You are immune to unholy pain and torment.
You thrive by killing the living.


Message History

The orc wizard mumbles some strange words.
The orc wizard flickers and vanishes!
Deactivating autopickup; reactivate with Ctrl-A.
The orc hits you but does no damage.
You closely miss something. Something hits you but does no damage.
The orc hits you with a +0 dagger.
You barely miss something. Something hits you.
The orc hits you with a +0 dagger.
You hit something but do no damage. Something hits you but does no damage.
The orc barely misses you.
You closely miss something. Something hits you but does no damage.
The orc misses you.
You hit something but do no damage. You barely miss something.
Something hits you but does no damage. The orc closely misses you.
You completely miss something. Something hits you. The orc closely misses you.
You closely miss something. Something hits you but does no damage.
The orc misses you.
You closely miss something. Something completely misses you.
The orc hits you with a +0 dagger.
* * * LOW HITPOINT WARNING * * *
You miss something. Something hits you but does no damage.
The orc closely misses you.
You hit something. Something hits you.
* * * LOW HITPOINT WARNING * * *
The orc hits you but does no damage.
You miss something. Something hits you.
* * * LOW HITPOINT WARNING * * *
The orc barely misses you.
You barely miss something. Something hits you.
* * * LOW HITPOINT WARNING * * *
The orc barely misses you.
You hit something. You hit something but do no damage. Something hits you.
* * * LOW HITPOINT WARNING * * *
The orc barely misses you.
You hit something. Something hits you.
* * * LOW HITPOINT WARNING * * *
The orc hits you with a +0 dagger.
You die...

#..............# #.....
#.........###### #.....
#.....######## #.....
#......≈≈8≈≈.## #.....
#####...≈≈≈...# #.....
###.......# #.....
###.....# #.....
.#########.....# ######
.....oo@.#.....#
......{#.#.....#
##$..#o#.#.....#########
$..# ..#.'..............
## ######........######
.........##...#
########.###### ## #.#
#. #.# #.


You could see 3 orcs.

Vanquished Creatures
  A scorpion (D:3)
  2 adders
  A worm (D:2)
  4 dart slugs
  An orc (D:3)
  4 ball pythons
  2 endoplasms
  A giant cockroach (D:1)
  5 goblins
  A hobgoblin (D:3)
  2 jackals (D:1)
  3 kobolds
  3 quokkas
  6 bats
  A frilled lizard (D:2)
  3 rats (D:1)
40 creatures vanquished.

Notes
Turn   | Place    | Note
-------+----------+-------------------------------------------
     0 | D:1      | thiscave3701365 the Ghoul Brigand began the quest for the
                  | Orb.
     0 | D:1      | Reached XP level 1. HP: 17/17 MP: 0/0
    27 | D:1      | Found a faded altar of an unknown god.
    36 | D:1      | Reached skill level 1 in Dodging
    68 | D:1      | Reached XP level 2. HP: 21/25 MP: 1/1
   521 | D:1      | Reached XP level 3. HP: 30/30 MP: 2/2
  3132 | D:3      | Reached XP level 4. HP: 25/37 MP: 3/3
  3174 | D:3      | Noticed a scorpion
  3201 | D:3      | Killed a scorpion
  3202 | D:3      | Reached skill level 5 in Stealth
  3202 | D:3      | Reached XP level 5. HP: 12/45 MP: 4/4
  3936 | D:3      | Slain by an orc

Illustrated notes

Levels and vault maps discovered:
D:1:      moated_graveyard_arrival, layout_basic, serial_forest,
          infiniplex_forest_straight_5, infiniplex_forest_end_2,
          infiniplex_forest_end_3, infiniplex_forest_clump_curved,
          infiniplex_forest_zigzag_1, infiniplex_forest_split,
          infiniplex_forest_diagonal, basic_ecumenical_altar
D:2:      layout_basic
D:3:      layout_basic, minmay_misc_feat_four_crosses, moated_statue,
          grunt_ministairs_4

Skill      XL: |  1  2  3  4 |
---------------+-------------+-----
Dodging        | 1 2 |  2.0
Short Blades   | 2 |  2.5
Throwing       | 2 |  2.5
Fighting       | 3 |  3.2
Stealth        | 5 |  5.0

Action                   |  1- 3 |  4- 6 || total
-------------------------+-------+-------++-------
Melee: Dagger            |   122 |    69 ||   191
 Stab: Sleeping          |    11 |       ||    11
Armor: Robe              |    27 |    16 ||    43
Dodge: Dodged            |    62 |    37 ||    99

Table legend: (Time is in decaauts)
 A = Elapsed time spent in this place.
 B = Non-inter-level travel time spent in this place.
 C = Inter-level travel time spent in this place.
 D = Time resting spent in this place.
 E = Time spent auto-exploring this place.
 F = Levels seen in this place.
 G = Mean time per level.
                   A        B        C        D        E       F      G
               +--------+--------+--------+--------+--------+-----+--------+
         Total |   3914 |   3871 |     43 |   1392 |   2095 |   3 | 1304.7 |
       Dungeon |   3914 |   3871 |     43 |   1392 |   2095 |   3 | 1304.7 |
               +--------+--------+--------+--------+--------+-----+--------+

Top non-repeatable levels by time:
     D:2: 1739 daAuts
     D:1: 1138 daAuts
     D:3: 1036 daAuts
